 Dungeon Crawl Stone Soup version 0.26-a0-6-g448add79b7 (webtiles) character file.

Game seed: 16544046286064223361, levelgen mode: deterministic

5984 Napalmbreeze the Fighter (level 10, -5/97 HPs)
             Began as a Minotaur Fighter on May 24, 2020.
             Was a Priest of Okawaru.
             Killed from afar by a molten gargoyle (26 damage)
             ... with a bolt of magma
             ... on level 9 of the Dungeon.
             The game lasted 00:18:15 (8551 turns).

Napalmbreeze the Fighter (Minotaur Fighter)         Turns: 8551, Time: 00:18:15

Health: -5/97      AC: 17    Str: 25    XL:     10   Next: 55%
Magic:  11/12      EV: 17    Int:  5    God:    Okawaru [***...]
Gold:   230        SH: 18    Dex: 15    Spells: 9/9 levels left

rFire    . . .     SeeInvis .   N - +2 war axe (elec)
rCold    . . .     Gourm    .   c - +0 kite shield
rNeg     . . .     Faith    .   G - +3 chain mail
rPois    .         Spirit   .   (helmet restricted)
rElec    .         Reflect  +   v - +0 cloak
rCorr    .         Harm     .   (no gloves)
MR       .....                  L - +0 pair of boots
Stlth    ..........             w - amulet of reflection
HPRegen  0.26/turn              B - +6 ring of dexterity (curse)
MPRegen  0.13/turn              O - +4 ring of evasion

@: heroism
A: retaliatory headbutt, horns 2
a: Heroism, Renounce Religion


You were on level 9 of the Dungeon.
You worshipped Okawaru.
Okawaru was most pleased with you.
You were not hungry.

You visited 2 branches of the dungeon, and saw 10 of its levels.

You collected 457 gold pieces.
You spent 227 gold pieces at shops.

Inventory:

Hand Weapons
 a - a +0 war axe
 E - a +0 whip of holy wrath
 F - a +1 whip of freezing
 N - a +2 war axe of electrocution (weapon)
Armour
 c - a +0 kite shield (worn)
 g - +0 ice dragon scales
 v - a +0 cloak (worn)
 G - a +3 chain mail (worn)
 L - a +0 pair of boots (worn)
Jewellery
 w - an amulet of reflection (around neck)
 B - a cursed +6 ring of dexterity (left hand)
 I - an uncursed ring of resist corrosion
 O - a +4 ring of evasion (right hand)
Wands
 b - a wand of disintegration (15)
 y - a wand of acid (7)
 C - a wand of random effects (12)
 P - a wand of flame (18)
 Q - a wand of polymorph (16)
Scrolls
 e - 3 scrolls of immolation
 i - 2 scrolls of amnesia {unknown}
 j - 6 scrolls of enchant weapon
 p - 3 scrolls of fear {unknown}
 s - 2 scrolls of enchant armour {unknown}
 x - 3 scrolls of teleportation {unknown}
 A - 5 scrolls of identify
 D - a scroll of torment {unknown}
 J - 2 scrolls of remove curse {unknown}
 K - 2 scrolls of random uselessness {unknown}
 M - 2 scrolls of magic mapping {unknown}
Potions
 d - 2 potions of might
 h - 3 potions of curing {unknown}
 k - a potion of cancellation {unknown}
 l - a potion of heal wounds {unknown}
 m - 2 potions of resistance {unknown}
 n - 5 potions of stabbing
 o - a potion of lignification {unknown}
 q - a potion of magic {unknown}
 r - a potion of brilliance {unknown}
 t - a potion of invisibility {unknown}
 u - 3 potions of flight {unknown}
 z - 4 potions of ambrosia
 H - a potion of degeneration {unknown}
 R - a potion of haste {unknown}
Comestibles
 f - 13 rations


   Skills:
 - Level 12.0(17.0) Fighting
 - Level 11.0(16.0) Axes
 + Level 5.8(10.8) Armour
 - Level 3.0(8.0) Dodging
 * Level 7.3(12.3) Shields
 - Level 5.0 Invocations


You had 9 spell levels left.
You didn't know any spells.
Your spell library was empty.

Dungeon Overview and Level Annotations

Branches:
Dungeon (9/15)             Temple (1/1) D:6            Lair (0/6) D:9
    Orc: D:9-12

Altars:
Ashenzari
Cheibriados
Dithmenos
Elyvilon
Fedhas
Gozag
Hepliaklqana
Kikubaaqudgha
Makhleb
Nemelex Xobeh
Okawaru
Ru
Sif Muna
Trog
Uskayaw
Vehumet
Wu Jian
Xom
The Shining One

Shops:
D:5 (   D:8 *[([%


Innate Abilities, Weirdness & Mutations

You reflexively headbutt those who attack you in melee.
You have a pair of horns on your head.


Message History

The molten gargoyle is severely damaged.
You barely miss the molten gargoyle.
You headbutt the molten gargoyle, but do no damage.
The molten gargoyle is severely damaged.
The molten gargoyle blasts magma at you!
The bolt of magma hits you!
You hit the molten gargoyle but do no damage.
The molten gargoyle is severely damaged.
The molten gargoyle blasts magma at you!
The bolt of magma hits you!
* * * LOW HITPOINT WARNING * * *
Okay, then.
Okay, then.
Okay, then.
Unknown command.
Okay, then.
Unknown command.
The molten gargoyle blasts magma at you!
The bolt of magma hits you!!
You die...

#...# #...# ##...##
#>....# ##### #.....#
#...#
#.###.###...##########
#.....................
#####.###...##########
#@# #...######### #.#
#..)).......# #9#
#...#######.# #9#
#...#....<#.# #.#
###.#.#####)# #.#
#.#.#..)..#
#.#####.#...#####
##....##.#####
#.)..........#


You could see 2 molten gargoyles.

Vanquished Creatures
  A molten gargoyle (D:9)
  Grinder (D:4)
  6 slime creatures (D:8)
  2 hungry ghosts
  Edmund (D:6)
  2 water moccasins
  2 sky beasts (D:6)
  3 orc warriors
  An ice beast (D:9)
  4 ogres
  3 phantoms
  A necrophage (D:6)
  5 centaurs
  A bullfrog (D:7)
  A scorpion (D:9)
  11 killer bees
  2 wights (D:9)
  3 howler monkeys
  6 crimson imps
  A bullfrog zombie (D:8)
  2 bullfrog skeletons
  A hound (D:8)
  8 orc priests
  A gnoll shaman (D:6)
  Natasha (thrice) (D:4)
  13 orc wizards
  5 worker ants
  A hound skeleton (D:6)
  8 gnolls
  9 adders
  A shadow imp (D:8)
  An adder zombie (D:6)
  An adder skeleton (D:6)
  2 worms
  2 leopard geckos
  26 orcs
  A ball python (D:6)
  A giant cockroach (D:1)
  2 goblins (D:2)
  4 hobgoblins
  12 jackals
  7 quokkas
  2 kobolds (D:1)
  A leopard gecko skeleton (D:6)
  3 rats
174 creatures vanquished.

Notes
Turn   | Place    | Note
-------+----------+-------------------------------------------
     0 | D:1      | Napalmbreeze the Minotaur Fighter began the quest for the
                  | Orb.
     0 | D:1      | Reached XP level 1. HP: 19/19 MP: 0/0
   173 | D:1      | Reached skill level 4 in Fighting
   647 | D:2      | Found an ancient bone altar of Kikubaaqudgha.
   719 | D:2      | Reached XP level 2. HP: 28/28 MP: 1/1
   770 | D:2      | Reached skill level 5 in Fighting
   770 | D:2      | Reached XP level 3. HP: 32/36 MP: 2/2
  1197 | D:3      | Found a sacrificial altar of Ru.
  1296 | D:3      | Reached XP level 4. HP: 26/42 MP: 3/3
  2135 | D:3      | Found a sparkling altar of Nemelex Xobeh.
  2333 | D:4      | Noticed Grinder
  2342 | D:4      | Killed Grinder
  2342 | D:4      | Reached skill level 7 in Fighting
  2342 | D:4      | Reached XP level 5. HP: 38/52 MP: 4/4
  2342 | D:4      | Reached XP level 6. HP: 44/60 MP: 5/5
  2538 | D:4      | Found a white marble altar of Elyvilon.
  2941 | D:4      | Noticed Natasha
  2947 | D:4      | Killed Natasha
  2947 | D:4      | Reached skill level 5 in Axes
  3001 | D:4      | Noticed Natasha
  3009 | D:4      | Killed Natasha
  3102 | D:4      | Noticed Natasha
  3110 | D:4      | Killed Natasha
  3131 | D:5      | Entered Level 5 of the Dungeon
  3132 | D:5      | Found Ynisk's Antique Weapon Emporium.
  3510 | D:5      | Reached skill level 8 in Fighting
  3510 | D:5      | Reached XP level 7. HP: 36/68 MP: 6/6
  3844 | D:5      | Found a shimmering blue altar of Sif Muna.
  3864 | D:5      | Found a sparkling altar of Nemelex Xobeh.
  3867 | D:5      | Reached skill level 1 in Dodging
  4729 | D:6      | Reached skill level 9 in Fighting
  4745 | D:6      | Reached XP level 8. HP: 66/78 MP: 7/7
  4842 | D:6      | Reached skill level 5 in Shields
  5249 | D:6      | Found a staircase to the Ecumenical Temple.
  5258 | D:6      | Reached skill level 10 in Fighting
  5281 | Temple   | Entered the Ecumenical Temple
  5422 | Temple   | Became a worshipper of Warmaster Okawaru
  5522 | D:6      | Found a burning altar of Makhleb.
  6195 | D:6      | Noticed Edmund
  6211 | D:6      | Killed Edmund
  6211 | D:6      | Reached skill level 11 in Fighting
  6211 | D:6      | Reached XP level 9. HP: 86/89 MP: 8/8
  6263 | D:6      | Reached skill level 5 in Armour
  6793 | D:7      | Reached * piety under Okawaru
  7079 | D:8      | Reached skill level 1 in Invocations
  7151 | D:8      | Found Tup Mirchuaz's Weapon Emporium.
  7159 | D:8      | Found Ziyblakh's Antique Armour Shoppe.
  7160 | D:8      | Bought a +2 war axe of electrocution for 227 gold pieces
  7181 | D:8      | Found Wiawk's Food Shop.
  7187 | D:8      | Reached skill level 10 in Axes
  7234 | D:8      | Found Hoki's General Store.
  7247 | D:8      | Found Plog's Armour Emporium.
  7463 | D:8      | Reached ** piety under Okawaru
  7574 | D:8      | Reached XP level 10. HP: 70/97 MP: 9/11
  7697 | D:8      | Found an opulent altar of Gozag.
  7779 | D:9      | Reached *** piety under Okawaru
  7779 | D:9      | Reached skill level 12 in Fighting
  7848 | D:9      | Found a staircase to the Lair.
  7882 | D:9      | Noticed a molten gargoyle
  8056 | D:9      | Reached skill level 5 in Invocations
  8468 | D:9      | Noticed a molten gargoyle
  8481 | D:9      | Killed a molten gargoyle
  8520 | D:9      | Noticed a molten gargoyle
  8522 | D:9      | Noticed a molten gargoyle
  8551 | D:9      | Killed from afar by a molten gargoyle

Illustrated notes

Levels and vault maps discovered:
D:1:      psy_arrival_statuary, layout_rooms
D:2:      layout_basic, nicolae_overflow_crystal_walls
D:3:      layout_basic, old_standard_altar, nemelex_altar_shiori
D:4:      layout_loops_ring, kennysheep_little_box, uniq_natasha, uniq_grinder
D:5:      layout_layer_cave, grunt_temple_overflow_open, serial_shops, shop,
          first_ration, serial_rivers, chequers_serial_rivers_room_b,
          chequers_serial_rivers_small_3, chequers_serial_rivers_room_a,
          chequers_serial_rivers_micro_d
D:6:      layout_basic, kennysheep_mini_moat, minmay_temple_entry_crystal_x,
          minivault_26, uniq_edmund
D:7:      layout_rooms
D:8:      layout_gridville, grunt_gozag_breadcrumbs, serial_shops,
          shop_fountains, shop, shop_fountains, nicolae_shop_crystal, shop
D:9:      cheibrodos_statue_roulette, layout_basic, dpeg_oklobed_lair,
          minivault_8
Temple:   regret_index_temple_generic_petals

Skill      XL: |  1  2  3  4  5  6  7  8  9 10 |
---------------+-------------------------------+-----
Fighting       | 4 5 7 8 9 11 12 | 12.0
Axes           | 4 6 10 11 | 11.0
Dodging        | 2 3 |  3.0
Armour         | 4 5 |  5.8
Shields        | 4 6 7 |  7.3
Invocations    | 2 5 |  5.0

Action                   |  1- 3 |  4- 6 |  7- 9 | 10-12 || total
-------------------------+-------+-------+-------+-------++-------
Melee: War axe           |    60 |    77 |   300 |    83 ||   520
       Headbutt          |     7 |    10 |    77 |    27 ||   121
Invok: Heroism           |       |       |       |     2 ||     2
Evoke: Wand              |       |       |     1 |       ||     1
  Use: Scroll            |       |     4 |       |       ||     4
       Potion            |       |     1 |       |       ||     1
 Stab: Distracted        |       |       |     1 |       ||     1
  Eat: Chunk             |     1 |     7 |    14 |     2 ||    24
       Ration            |       |       |       |     1 ||     1
Armor: Scale mail        |    32 |    16 |    30 |       ||    78
       Plate armour      |       |       |     3 |       ||     3
       Chain mail        |       |       |    33 |    12 ||    45
Dodge: Dodged            |    12 |     6 |    68 |    18 ||   104
Block: Kite shield       |    38 |    58 |   232 |    49 ||   377
       Reflection        |       |       |    12 |       ||    12

Table legend:
 A = Non-vault XP
 B = Vault XP
 C = Vault XP percentage of total XP
 D = Non-vault monster count
 E = Vault monster count
 F = Vault count percentage of total count
                 A         B        C        D         E       F
            +---------+---------+-------+---------+---------+-------
      Total |    7661 |     888 |  10.4 |     170 |       4 |   2.3
            +---------+---------+-------+---------+---------+-------
        D:1 |       6 |       0 |   0.0 |       4 |       0 |   0.0
        D:2 |      35 |       0 |   0.0 |      13 |       0 |   0.0
        D:3 |      73 |       0 |   0.0 |      11 |       0 |   0.0
        D:4 |     146 |     312 |  68.1 |       8 |       2 |  20.0
        D:5 |     639 |       0 |   0.0 |      17 |       0 |   0.0
        D:6 |    1620 |     158 |   8.9 |      44 |       1 |   2.2
        D:7 |    1129 |       0 |   0.0 |      22 |       0 |   0.0
        D:8 |    2354 |       0 |   0.0 |      21 |       0 |   0.0
        D:9 |    1659 |     418 |  20.1 |      30 |       1 |   3.2
            +---------+---------+-------+---------+---------+-------
